 Dungeon Crawl Stone Soup version 0.23.0 (webtiles) character file.

Game seed: 129373403012651053

421 Faca the Skirmisher (level 6, -4/41 HPs)
             Began as a Gargoyle Fighter on Feb 17, 2019.
             Slain by an ogre
             ... wielding a +0 giant club
              (12 damage)
             ... on level 4 of the Dungeon.
             The game lasted 00:05:38 (3014 turns).

Faca the Skirmisher (Gargoyle Fighter)              Turns: 3014, Time: 00:05:38

Health: -4/41      AC: 12    Str: 21    XL:     6   Next: 94%
Magic:  6/6        EV:  7    Int:  9    God:
Gold:   203        SH: 12    Dex: 13    Spells: 5/5 levels left

rFire    . . .     SeeInvis .   a - +0 flail
rCold    . . .     Gourm    .   c - +0 shield
rNeg     + . .     Faith    .   b - +0 scale mail
rPois    ∞         Spirit   .   (no helmet)
rElec    +         Reflect  +   (no cloak)
rCorr    .         Harm     .   e - +0 pair of gloves
MR       .....                  (no boots)
Stlth    ..........             k - +3 amulet of reflection
HPRegen  0.13/turn              m - +4 ring of dexterity
MPRegen  0.10/turn              (no ring)

@: no status effects
A: negative energy resistance 1, electricity resistance, unbreathing,
petrification resistance, rot immunity, AC +4
a: no special abilities


You were on level 4 of the Dungeon.
You were not hungry.

You visited 1 branch of the dungeon, and saw 4 of its levels.

You collected 203 gold pieces.

Inventory:

Hand Weapons
 a - a +0 flail (weapon)
Missiles
 t - 4 javelins (quivered)
Armour
 b - a +0 scale mail (worn)
 c - a +0 shield (worn)
 e - a +0 pair of gloves (worn)
Jewellery
 k - a +3 amulet of reflection (around neck)
 m - a +4 ring of dexterity (left hand)
Scrolls
 g - 5 scrolls of remove curse {unknown}
 h - 2 scrolls of fear {unknown}
 i - 3 scrolls of identify {unknown}
 j - 2 scrolls of amnesia {unknown}
 l - a scroll of random uselessness {unknown}
 o - 3 scrolls of magic mapping {unknown}
 q - a scroll of blinking {unknown}
 s - a scroll of teleportation {unknown}
 v - a scroll of enchant armour {unknown}
Potions
 d - a potion of might
 n - 2 potions of curing {unknown}
 p - a potion of magic {unknown}
 r - a potion of berserk rage {unknown}
Comestibles
 f - 3 rations
 u - 6 chunks of flesh


   Skills:
 + Level 6.3 Fighting
 + Level 5.2 Maces & Flails
 - Level 3.2 Armour
 - Level 3.2 Shields


You had 5 spell levels left.
You didn't know any spells.
Your spell library was empty.

Dungeon Overview and Level Annotations

Branches:
Dungeon (4/15)
 Temple: D:4-7

Altars:
Dithmenos
Elyvilon
Okawaru


Innate Abilities, Weirdness & Mutations

You are resistant to torment.
Your stone body is resilient. (AC +4)
You are immune to poison.
You resist negative energy. (rN+)
You are resistant to electric shocks. (rElec)
You can survive without breathing.
You are immune to petrification.
You are immune to rotting.


Message History

You are too injured to fight recklessly!
You sock the ogre!
The ogre is almost dead.
You block the ogre's attack.
You barely miss the ogre.
The ogre is almost dead.
You block the ogre's attack.
You hit the ogre.
The ogre is almost dead.
The ogre hits you with a +0 giant club!
* * * LOW HITPOINT WARNING * * *
You completely miss the ogre.
The ogre is almost dead.
You hit the ogre but do no damage.
The ogre is almost dead.
The ogre barely misses you.
You closely miss the ogre.
The ogre is almost dead.
The ogre hits you with a +0 giant club!
You die...

#..........#
#........###
###....(#...... ..
#.....#.#......
....####...###.#.#....
#.......## #.# ####.
#..##.######.. #..
##.##...... # #@....#
..# ......O.#####
.......## .#.....
#....# #.... #....
#....


You could see an ogre.

Vanquished Creatures
  An ogre (D:4)
  Blork the orc (D:4)
  An orc priest (D:4)
  A hound (D:3)
  Terence (D:3)
  An orc wizard (D:4)
  A worker ant (D:3)
  3 adders
  2 worms
  5 dart slugs
  A leopard gecko (D:3)
  8 orcs
  7 bats
  6 giant cockroaches
  11 goblins
  10 hobgoblins
  4 jackals (D:3)
  A quokka (D:3)
  3 ball pythons
  2 frilled lizards (D:1)
  5 kobolds
  3 rats
78 creatures vanquished.

Vanquished Creatures (others)
  A giant cockroach (D:3)
1 creature vanquished.

Grand Total: 79 creatures vanquished

Notes
Turn   | Place    | Note
-------+----------+-------------------------------------------
     0 | D:1      | Faca the Gargoyle Fighter began the quest for the Orb.
     0 | D:1      | Reached XP level 1. HP: 14/14 MP: 1/1
   131 | D:1      | Reached XP level 2. HP: 15/19 MP: 2/2
   608 | D:1      | Reached XP level 3. HP: 24/24 MP: 3/3
   641 | D:2      | Reached skill level 4 in Fighting
   808 | D:2      | Found a white marble altar of Elyvilon.
   815 | D:2      | Found a shadowy altar of Dithmenos.
  1278 | D:2      | Reached XP level 4. HP: 30/30 MP: 4/4
  1306 | D:2      | Found an iron altar of Okawaru.
  1530 | D:3      | Noticed Terence
  1566 | D:3      | Killed Terence
  1884 | D:3      | Reached XP level 5. HP: 34/34 MP: 5/5
  1923 | D:3      | Reached skill level 5 in Fighting
  2094 | D:3      | Found a white marble altar of Elyvilon.
  2311 | D:4      | Noticed an ogre
  2323 | D:4      | Killed an ogre
  2323 | D:4      | Reached XP level 6. HP: 12/41 MP: 6/6
  2646 | D:4      | Noticed Blork the orc
  2659 | D:4      | Killed Blork the orc
  2659 | D:4      | Reached skill level 6 in Fighting
  2659 | D:4      | Reached skill level 5 in Maces & Flails
  3014 | D:4      | Slain by an ogre

Skill      XL: |  1  2  3  4  5  6 |
---------------+-------------------+-----
Fighting       | 4 5 6 |  6.3
Maces & Flails | 3 4 5 |  5.2
Armour         | |  3.2
Shields        | |  3.2

Action                   |  1- 3 |  4- 6 || total
-------------------------+-------+-------++-------
Melee: Flail             |   132 |   190 ||   322
Throw: Javelin           |       |     2 ||     2
  Eat: Chunk             |     1 |     3 ||     4
       Ration            |       |     1 ||     1
Armor: Scale mail        |    62 |    74 ||   136
Dodge: Dodged            |    38 |    41 ||    79
Block: Shield            |    57 |   134 ||   191
       Reflection        |       |     5 ||     5
